 Dungeon Crawl Stone Soup version 0.23-a0-629-gae4348f (webtiles) character file.

31395 George the Carver (level 13, 0/104 HPs)
             Began as a Minotaur Fighter on Dec 25, 2018.
             Was the Champion of Okawaru.
             Slain by a tentacled starspawn (26 damage)
             ... on level 2 of the Abyss.
             The game lasted 00:28:49 (11762 turns).

George the Carver (Minotaur Fighter)               Turns: 11762, Time: 00:28:49

Health: 0/104      AC: 19    Str: 29    XL:     13   Next: 25%
Magic:  18/18      EV: 11    Int:  1    God:    Okawaru [******]
Gold:   778        SH: 13    Dex: 10    Spells: 12/12 levels left

rFire    . . .     SeeInvis .   N - +4 scimitar (flame)
rCold    + . .     Gourm    .   c - +0 shield
rNeg     + . .     Faith    .   w - +2 plate armour {rC+}
rPois    +         Spirit   .   (helmet restricted)
rElec    .         Reflect  .   p - +0 cloak
rCorr    .         Harm     .   U - +1 pair of gloves {Str+3}
MR       .....     Rnd*Rage +   P - +2 pair of boots {run}
Stlth    ..........             y - amulet of regeneration
HPRegen  0.00/turn              n - ring of positive energy
MPRegen  0.16/turn              A - ring of poison resistance

@: non-regenerating, diseased, quick
A: retaliatory headbutt, horns 2, [berserk 2], [blurry vision 3], [deformed
body], [dopey 2], [frail 1], [screaming 2]
a: Heroism, Finesse, Renounce Religion


You were on level 2 of the Abyss.
You worshipped Okawaru.
Okawaru was exalted by your worship.
You were near starving.

You visited 3 branches of the dungeon, and saw 15 of its levels.
You visited the Abyss 1 time.

You collected 992 gold pieces.
You spent 214 gold pieces at shops.

Inventory:

Hand Weapons
 m - a +0 double sword
 q - a +2 falchion of holy wrath
 N - a +4 scimitar of flaming (weapon)
 X - the +7 hand crossbow "Raqetoa" {velocity, rF+}
   (You found it on level 12 of the Dungeon)

   Any bolt fired from it inflicts extra damage.
   It protects you from fire.
Missiles
 a - 5 needles of frenzy
 O - 20 poisoned needles
 Y - 37 bolts
Armour
 c - a +0 shield (worn)
 p - a +0 cloak (worn)
 w - a +2 plate armour of cold resistance (worn)
 P - a +2 pair of boots of running (worn)
 U - a +1 pair of gloves of strength (worn)
Jewellery
 b - an uncursed ring of ice
 n - a ring of positive energy (left hand)
 r - an uncursed ring of resist corrosion
 y - an amulet of regeneration (around neck)
 A - a ring of poison resistance (right hand)
 B - the amulet of the Griffon {Gourm rC++}
   (You found it on level 6 of the Dungeon)

   [amulet of the gourmand]

   It allows you to eat raw meat even when not hungry.
   It greatly protects you from cold.
 I - a +4 ring of protection
Wands
 s - a wand of clouds (6)
 C - a wand of digging (5)
 L - a wand of flame (10)
 Q - a wand of disintegration (9)
Scrolls
 g - 5 scrolls of teleportation
 h - a scroll of fear
 j - 6 scrolls of immolation
 k - a scroll of blinking
 l - 7 scrolls of remove curse
 x - a scroll of fog
 z - a scroll of silence
 G - a scroll of magic mapping {unknown}
 K - 3 scrolls of enchant armour {unknown}
 R - a scroll of vulnerability {unknown}
 T - 3 scrolls of acquirement {unknown}
Potions
 d - 6 potions of might
 i - 3 potions of ambrosia
 o - 2 potions of invisibility
 t - a potion of berserk rage
 u - 3 potions of magic
 v - a potion of brilliance
 F - 6 potions of curing
 H - 2 potions of degeneration {unknown}
 J - 3 potions of lignification {unknown}
 M - a potion of resistance
 S - a potion of haste {unknown}
 V - a potion of mutation {unknown}
 W - 3 potions of agility {unknown}
Comestibles
 f - 34 rations


   Skills:
 + Level 11.0 Fighting
 - Level 14.0 Long Blades
 + Level 11.1 Armour
 + Level 9.5 Dodging
 + Level 11.1 Shields
 + Level 8.8 Invocations


You had 12 spell levels left.
You didn't know any spells.
Your spell library contained the following spells:

 Spells                   Type           Power        Failure   Level  Hunger
 Summon Butterflies       Summ           #.......     100%        1    ##.....
 Summon Small Mammal      Summ           #...         100%        1    ##.....
 Summon Guardian Golem    Hex/Summ       #.......     100%        3    ####...
 Leda's Liquefaction      Hex/Erth       #.........   100%        4    #####..
 Summon Ice Beast         Ice/Summ       #.......     100%        4    #####..
 Spellforged Servitor     Conj/Summ      #.........   100%        7    #######


Dungeon Overview and Level Annotations

Branches:
Dungeon (12/15)            Temple (1/1) D:5            Lair (2/6) D:9
    Orc (0/2) D:11
  Swamp: Lair:2-4    Shoals: Lair:2-4     Snake: Lair:2-4    Spider: Lair:2-4

Altars:
Ashenzari
Cheibriados
Dithmenos
Elyvilon
Fedhas
Gozag
Hepliaklqana
Kikubaaqudgha
Makhleb
Nemelex Xobeh
Okawaru
Qazlal
Ru
Sif Muna
Trog
Uskayaw
Vehumet
Wu Jian
Xom
Yredelemnul
Zin
The Shining One

Shops:
D:8 [   D:11 =   D:12 [

Portals:
Trove: D:12 (give 3 potions of resistance)

Annotations:
D:7 2 transporters, wazuzu's ghost, novice FoAK
D:10 exclusion: orange crystal statue
Lair:2 Sonja


Innate Abilities, Weirdness & Mutations

You reflexively headbutt those who attack you in melee.
You have a pair of horns on your head.
[You often lose your temper in combat.]
[Scrolls take you much longer to read.]
[Armour fits poorly on your strangely shaped body.]
[You are very dopey. (Int -4)]
[You are frail. (-10% HP)]
[You sometimes yell uncontrollably at your foes.]


Message History

You destroy the small abomination!
Okawaru accepts your kill. Something appears at your feet!
Okawaru grants you ammunition! The smoke demon gestures at you.
Something smites you!
* * * LOW HITPOINT WARNING * * *
You feel much better.
The substance of the Abyss twists violently, and a gateway leading out appears!
The starspawn tentacle grabs you.
* * * LOW HITPOINT WARNING * * *
The starspawn tentacle constricts you.
The tentacled starspawn closely misses you.
You furiously retaliate!
You headbutt the tentacled starspawn! The tentacled starspawn engulfs you.
* * * LOW HITPOINT WARNING * * *
You escape the starspawn tentacle's grasp.
The neqoxec hits you but does no damage.
The tentacled starspawn bites you!!
You die...

#...###............
.....# ............ ..
.> ..Z............. .
................... .
...........3......... .
. . ...#.....3.......
...# ...###..##*5....##
.. ...#...##3X5...##
... .........x.@w......
. ...
.........ยง.h...... ..
.................... .
.. ..#............. .#
# ..###............
...#.....#.............
. .
..........##......## .
.. .. .....##......#
..... ... .. ..


You could see a tentacled starspawn, a wretched star, an ancient zyme, a smoke
demon, a raiju, a neqoxec, a starspawn tentacle, an iron imp and a white imp.

Vanquished Creatures
  2 tentacled starspawn (Abyss:2)
  Frances (D:12)
  A very ugly thing (Abyss:2)
  Snorg (D:12)
  Erolcha (D:12)
  A two-headed ogre (D:11)
  3 death yaks (D:9)
  A wretched star (Abyss:2)
  5 skeletal warriors (D:11)
  An unseen horror (D:12)
  A spatial maelstrom (Abyss:2)
  A deep elf mage (D:9)
  2 ugly things
  2 cyclopes
  A manticore (D:12)
  A spiny frog (Lair:1)
  An orange demon (Abyss:2)
  3 kobold demonologists
  A rime drake (Lair:1)
  An efreet (D:9)
  2 trolls
  6 hippogriffs
  3 wraiths (D:12)
  Sigmund (D:4)
  6 yaks (D:11)
  2 wyverns (D:9)
  2 ynoxinuls (Abyss:2)
  A steam dragon (D:9)
  A hungry ghost (D:10)
  A neqoxec (Abyss:2)
  Menkaure (D:4)
  A large abomination (Abyss:2)
  A spatial vortex (Abyss:2)
  2 acid dragons (D:12)
  2 soldier ants
  3 water moccasins
  6 porcupines
  Duvessa (D:5)
  3 ice beasts
  8 sky beasts
  A swamp dragon zombie (Abyss:2)
  An eye of draining (D:9)
  5 orc warriors
  5 wolves (Lair:1)
  12 ogres
  12 centaurs
  2 small abominations (Abyss:2)
  A big kobold (D:9)
  2 crocodiles (Lair:1)
  11 bullfrogs
  Dowan (D:5)
  2 scorpions
  The ghost of Leeroy the Charmwright, a weakling GnSk (D:4)
  A killer bee (D:9)
  5 wights (D:9)
  8 crimson imps
  5 starcursed masses (Abyss:2)
  A quasit (D:11)
  Crazy Yiuf (D:4)
  3 hounds
  3 centaur skeletons
  A jelly (D:8)
  9 orc wizards
  A bullfrog skeleton (D:11)
  9 orc priests
  A gnoll shaman (D:8)
  3 iguanas
  8 worker ants
  A killer bee zombie (D:5)
  2 hound skeletons
  14 adders
  9 gnolls
  2 shadow imps
  2 oozes
  An adder zombie (D:8)
  2 adder skeletons
  2 worms
  5 dart slugs
  4 leopard geckos
  36 orcs
  8 bats
  6 giant cockroaches
  8 goblins
  9 hobgoblins
  8 jackals
  13 kobolds
  6 quokkas
  2 frilled lizards
  A jackal zombie (D:8)
  A quokka zombie (D:8)
  5 rats
  3 starspawn tentacles (Abyss:2)
349 creatures vanquished.

Vanquished Creatures (others)
  A fungus (Lair:1)
  A lurking horror (Abyss:2)
  A plant (Lair:2)
  4 starspawn tentacles (Abyss:2)
7 creatures vanquished.

Grand Total: 356 creatures vanquished

Notes
Turn   | Place    | Note
-------+----------+-------------------------------------------
     0 | D:1      | George the Minotaur Fighter began the quest for the Orb.
     0 | D:1      | Reached XP level 1. HP: 19/19 MP: 0/0
    57 | D:1      | Reached skill level 3 in Long Blades
   106 | D:1      | Reached XP level 2. HP: 26/26 MP: 1/1
   463 | D:2      | Reached skill level 4 in Long Blades
   687 | D:2      | Reached XP level 3. HP: 31/31 MP: 2/2
   834 | D:2      | Reached skill level 5 in Long Blades
   927 | D:2      | Found a faded altar of an unknown god.
  1173 | D:2      | Reached XP level 4. HP: 39/39 MP: 3/3
  1324 | D:3      | Found a basalt altar of Yredelemnul.
  1388 | D:3      | Reached skill level 6 in Long Blades
  1669 | D:3      | Reached XP level 5. HP: 38/45 MP: 4/4
  2264 | D:4      | Reached skill level 7 in Long Blades
  2295 | D:4      | Found an ancient bone altar of Kikubaaqudgha.
  2346 | D:4      | Noticed Menkaure
  2355 | D:4      | Killed Menkaure
  2355 | D:4      | Reached skill level 8 in Long Blades
  2355 | D:4      | Reached XP level 6. HP: 47/51 MP: 5/5
  2420 | D:4      | Noticed Sigmund
  3135 | D:4      | Killed Sigmund
  3135 | D:4      | Reached skill level 9 in Long Blades
  3135 | D:4      | Reached XP level 7. HP: 52/57 MP: 6/6
  3178 | D:4      | Found a runed door.
  3187 | D:4      | Noticed Leeroy's ghost (weakling GnSk)
  3293 | D:4      | Found a runed door.
  3413 | D:4      | Killed Leeroy's ghost
  3413 | D:4      | Reached skill level 10 in Long Blades
  3540 | D:4      | Noticed Crazy Yiuf
  3547 | D:4      | Killed Crazy Yiuf
  3597 | D:5      | Entered Level 5 of the Dungeon
  3817 | D:5      | Found a white marble altar of Elyvilon.
  3948 | D:5      | Found a staircase to the Ecumenical Temple.
  3961 | D:5      | Reached skill level 11 in Long Blades
  3970 | Temple   | Entered the Ecumenical Temple
  4052 | Temple   | Became a worshipper of Warmaster Okawaru
  4174 | D:5      | Reached XP level 8. HP: 43/66 MP: 7/7
  4398 | D:5      | Noticed Duvessa
  4400 | D:5      | Reached skill level 1 in Dodging
  4400 | D:5      | Noticed Dowan
  4408 | D:5      | Reached skill level 1 in Invocations
  4419 | D:5      | Killed Duvessa
  4431 | D:5      | Killed Dowan
  4524 | D:5      | Found an ornate altar of the Wu Jian Council.
  5044 | D:6      | Found a glowing golden altar of the Shining One.
  5047 | D:6      | Found a snail-covered altar of Cheibriados.
  5052 | D:6      | Got a transparent ruby amulet
  5059 | D:6      | Found a deep blue altar of Sif Muna.
  5062 | D:6      | Found a bloodstained altar of Trog.
  5081 | D:6      | Reached * piety under Okawaru
  5480 | D:7      | Reached skill level 5 in Fighting
  5480 | D:7      | Reached skill level 5 in Armour
  5480 | D:7      | Reached skill level 5 in Shields
  5483 | D:7      | Reached XP level 9. HP: 40/74 MP: 8/10
  5516 | D:7      | Identified the amulet of the Griffon {Gourm rC++} (You
                  | found it on level 6 of the Dungeon)
  5638 | D:7      | Found a transporter.
  5659 | D:7      | Noticed a queen bee
  5731 | D:7      | Reached ** piety under Okawaru
  5749 | D:7      | Found Necepas's General Store.
  5881 | D:7      | Found a transporter.
  5881 | D:7      | Noticed wazuzu's ghost (novice FoAK)
  6080 | D:8      | Found Qynt's Antique Armour Shop.
  6235 | D:8      | Reached skill level 12 in Long Blades
  6292 | D:8      | Reached *** piety under Okawaru
  6647 | D:9      | Noticed a death yak
  6669 | D:9      | Killed a death yak
  6669 | D:9      | Reached XP level 10. HP: 62/84 MP: 10/12
  6676 | D:9      | Reached skill level 5 in Dodging
  6692 | D:9      | Found a staircase to the Lair.
  6693 | D:9      | Noticed a death yak
  6693 | D:9      | Noticed a death yak
  6704 | D:9      | Killed a death yak
  6710 | D:9      | Reached skill level 5 in Invocations
  6721 | D:9      | Killed a death yak
  6721 | D:9      | Reached **** piety under Okawaru
  7238 | D:9      | Noticed a deep elf mage
  7261 | D:9      | Killed a deep elf mage
  7261 | D:9      | Reached ***** piety under Okawaru
  7270 | D:9      | Reached XP level 11. HP: 35/94 MP: 14/14
  7379 | D:9      | Identified Sotsuzxi's Volume of Calling and Clay
  7596 | D:9      | Received a gift from Okawaru
  7711 | D:10     | Entered Level 10 of the Dungeon
  7808 | D:10     | Noticed an orange crystal statue
  8467 | D:10     | HP: 3/94 [lava snake/glob of lava (17)]
  8479 | D:10     | HP: 1/94 [yak[an orange crystal statue] (10)]
  8656 | D:11     | Reached skill level 13 in Long Blades
  8750 | D:11     | Received a gift from Okawaru
  8766 | D:11     | Identified a +2 pair of boots of running (Okawaru gifted it
                  | to you on level 11 of the Dungeon)
  8780 | D:11     | Noticed a skeletal warrior
  8780 | D:11     | Noticed a skeletal warrior
  8780 | D:11     | Noticed a skeletal warrior
  8780 | D:11     | Noticed a skeletal warrior
  8808 | D:11     | Killed a skeletal warrior
  8814 | D:11     | Killed a skeletal warrior
  8842 | D:11     | Killed a skeletal warrior
  8860 | D:11     | Killed a skeletal warrior
  8861 | D:11     | Found a staircase to the Orcish Mines.
  8862 | D:11     | Noticed a skeletal warrior
  8881 | D:11     | Killed a skeletal warrior
  8905 | D:11     | Found Aloyzi's Jewellery Emporium.
  9051 | D:11     | Noticed a cyan ugly thing
  9062 | D:11     | Killed a cyan ugly thing
  9205 | D:11     | Noticed a two-headed ogre
  9212 | D:11     | Killed a two-headed ogre
  9212 | D:11     | Reached XP level 12. HP: 104/104 MP: 16/16
  9454 | D:12     | Found Gunenoat's Armour Shop.
  9462 | D:12     | Bought a +1 pair of gloves of strength for 214 gold pieces
  9546 | D:12     | Found the +5 scythe "Finisher" {speed, eviscerate}
  9614 | D:12     | Noticed Snorg
  9656 | D:12     | Killed Snorg
 10079 | D:12     | Reached skill level 10 in Shields
 10081 | D:12     | Noticed Erolcha
 10090 | D:12     | Killed Erolcha
 10090 | D:12     | Reached skill level 10 in Armour
 10152 | D:12     | Got an ichor-stained hand crossbow
 10153 | D:12     | Identified the +7 hand crossbow "Raqetoa" {velocity, rF+}
                  | (You found it on level 12 of the Dungeon)
 10206 | D:12     | Found a portal to a secret trove of treasure.
 10216 | D:12     | Noticed Frances
 10234 | D:12     | Killed Frances
 10234 | D:12     | Received a gift from Okawaru
 10234 | D:12     | Received a gift from Okawaru
 10234 | D:12     | Reached skill level 10 in Fighting
 10239 | D:12     | Got a bloodstained scale mail {god gift}
 10369 | D:12     | Identified the +4 scale mail of Okawaru's Favour {rC+ Str+4
                  | Dex-3} (Okawaru gifted it to you on level 12 of the
                  | Dungeon)
 10521 | Lair:1   | Entered Level 1 of the Lair of Beasts
 10711 | Lair:1   | Reached skill level 14 in Long Blades
 11384 | Lair:2   | Noticed Sonja
 11388 | Lair:2   | Cast into level 2 of the Abyss (Sonja)
 11486 | Abyss:2  | Noticed a tentacled starspawn
 11497 | Abyss:2  | Killed a tentacled starspawn
 11524 | Abyss:2  | Reached XP level 13. HP: 108/114 MP: 18/18
 11605 | Abyss:2  | Noticed a starcursed mass
 11686 | Abyss:2  | Noticed a tentacled starspawn
 11694 | Abyss:2  | Killed a tentacled starspawn
 11723 | Abyss:2  | Noticed a starcursed mass
 11735 | Abyss:2  | Noticed a purple very ugly thing
 11743 | Abyss:2  | Noticed a tentacled starspawn
 11749 | Abyss:2  | Killed a purple very ugly thing
 11749 | Abyss:2  | Reached ****** piety under Okawaru
 11760 | Abyss:2  | Received a gift from Okawaru
 11762 | Abyss:2  | Slain by a tentacled starspawn

Vault maps used:
D:1:      minmay_arrival_jagged
D:2:      chequers_ecumenical_altar_simple_redux
D:3:      lemuel_round_altar, kennysheep_generic_room_11
D:4:      kiku_gazebo_garden_becter, ebering_ghost_inner_flame, first_ration,
          uniq_sigmund, uniq_crazy_yiuf_cottage, uniq_menkaure
D:5:      nicolae_overflow_crystal_walls, old_standard_altar,
          minmay_temple_entry_ruins, uniq_duvessa
D:6:      grunt_temple_overflow_cloverleaf
D:7:      serial_shops, nicolae_shop_competitors_out_of_business,
          gammafunk_ghost_hive, minmay_chambers_of_fives
D:8:      serial_shops, shop_fountains
D:9:      minmay_blocky_corners, dpeg_lair_monsters, blue_anna_alchemist,
          st_stairs_5, kennysheep_small_square
D:10:     disabler_island
D:11:     orc_0_dummy, serial_shops, shop
D:12:     serial_shops, shop, enter_trove_6, minmay_guarded_unrand_finisher,
          uniq_frances, uniq_snorg, uniq_erolcha
Temple:   jpeg_temple_clearing
Lair:1:   chequers_serial_rivers_large_b, serial_bayou_shore_a
Lair:2:   palyth_hydra_swamp_entry, enter_volcano_2, bobbens_dragon_lair_wall,
          lemuel_fruit_fields, uniq_sonja

Skill      XL: |  1  2  3  4  5  6  7  8  9 10 11 12 13 |
---------------+----------------------------------------+-----
Long Blades    | 3 4 5 6 8 9 11 12 13 14 | 14.0
Dodging        | 3 4 6 7 9 |  9.5
Fighting       | 5 6 7 9 10 11 | 11.0
Armour         | 5 6 8 9 10 11 | 11.1
Invocations    | 2 4 5 7 8 |  8.8
Shields        | 5 6 8 9 10 11 | 11.1

Action                   |  1- 3 |  4- 6 |  7- 9 | 10-12 | 13-15 || total
-------------------------+-------+-------+-------+-------+-------++-------
Melee: Long sword        |   100 |   152 |   412 |   129 |       ||   793
       Headbutt          |    12 |    23 |    90 |   152 |    21 ||   298
       Falchion          |       |       |    14 |       |       ||    14
       Scimitar          |       |       |       |   566 |    58 ||   624
Invok: Heroism           |       |       |     1 |     5 |       ||     6
Evoke: Wand              |       |       |       |     2 |     6 ||     8
  Use: Scroll            |       |       |     5 |     9 |     2 ||    16
       Potion            |       |       |       |     4 |     2 ||     6
 Stab: Invisible         |       |       |       |     7 |       ||     7
  Eat: Chunk             |       |     5 |    11 |    16 |       ||    32
       Ration            |       |     1 |       |       |       ||     1
Armor: Scale mail        |    51 |     5 |       |       |       ||    56
       Chain mail        |       |    55 |     3 |       |       ||    58
       Plate armour      |       |       |   175 |   273 |    19 ||   467
Dodge: Dodged            |    44 |    25 |    66 |   165 |    17 ||   317
Block: Shield            |    66 |    51 |   163 |   334 |    24 ||   638
       Rpst.: Long sword |     8 |     9 |    18 |     2 |       ||    37
       Scimitar          |       |       |       |    27 |     6 ||    33

Table legend:
 A = Non-vault XP
 B = Vault XP
 C = Vault XP percentage of total XP
 D = Non-vault monster count
 E = Vault monster count
 F = Vault count percentage of total count
                 A         B        C        D         E       F
            +---------+---------+-------+---------+---------+-------
      Total |   34527 |   10323 |  23.0 |     317 |      28 |   8.1
            +---------+---------+-------+---------+---------+-------
        D:1 |      24 |       0 |   0.0 |      11 |       0 |   0.0
        D:2 |      73 |       0 |   0.0 |      25 |       0 |   0.0
        D:3 |     166 |       0 |   0.0 |      35 |       0 |   0.0
        D:4 |     163 |     645 |  79.8 |       6 |       5 |  45.5
        D:5 |     600 |     227 |  27.4 |      27 |       2 |   6.9
        D:6 |     625 |       0 |   0.0 |      15 |       0 |   0.0
        D:7 |     895 |     230 |  20.4 |      12 |       2 |  14.3
        D:8 |    1268 |       0 |   0.0 |      29 |       0 |   0.0
        D:9 |    2559 |    4220 |  62.3 |      33 |      13 |  28.3
       D:10 |    1597 |       0 |   0.0 |      26 |       0 |   0.0
       D:11 |    9433 |       0 |   0.0 |      36 |       0 |   0.0
       D:12 |    3188 |    5001 |  61.1 |      19 |       6 |  24.0
     Lair:1 |    2998 |       0 |   0.0 |      18 |       0 |   0.0
     Lair:2 |     453 |       0 |   0.0 |       3 |       0 |   0.0
    Abyss:2 |   10485 |       0 |   0.0 |      22 |       0 |   0.0
            +---------+---------+-------+---------+---------+-------
